[Event "Late-Titled-Tuesday-Blitz-May-07-2024"]
[Site "Chess.com"]
[Date "2024.05.07"]
[Round "1"]
[White "PNEPaul"]
[Black "DucksParadise"]
[Result "0-1"]
[WhiteElo "1948"]
[BlackElo "2565"]
[TimeControl "180+1"]
[EndTime "14:05:00 PDT"]
[Termination "DucksParadise won by resignation"]

1. e4 d5 2. exd5 Qxd5 3. d4 e5 4. Nf3 exd4 5. Qxd4 Nf6 6. Bg5 Nc6 7. Qxd5 Nxd5 8. Be2 Bf5 9. c3 f6 10. Bd2 O-O-O 11. O-O Bc5 12. Bb5 Rhe8 13. Bxc6 bxc6 14. b4 Bf8 15. Nd4 Bd7 16. a4 c5 17. bxc5 Bxc5 18. Na3 Bxa4 19. Nab5 Bxb5 20. Nxb5 c6 21. Nxa7+ Kb7 22. Rfb1+ Nb6 23. c4 Rxd2 0-1

[Event "Late-Titled-Tuesday-Blitz-May-07-2024"]
[Site "Chess.com"]
[Date "2024.05.07"]
[Round "1"]
[White "maurovargas01"]
[Black "BabageldiAnnaberdiyev"]
[Result "0-1"]
[WhiteElo "1971"]
[BlackElo "2574"]
[TimeControl "180+1"]
[EndTime "14:05:01 PDT"]
[Termination "BabageldiAnnaberdiyev won on time"]

1. e4 e6 2. f4 d5 3. Nc3 Nf6 4. e5 Nfd7 5. Nf3 c5 6. d3 Nc6 7. g3 g6 8. Bg2 h5 9. h3 Be7 10.
O-O a6 11. Ne2 b5 12. c3 Qb6 13. Kh2 Bb7 14. Qe1 a5 15. b3 a4 16. Rb1 axb3 17.
axb3 b4 18. c4 d4 19. Nd2 Ra2 20. Ne4 Na5 21. Kg1 Kf8 22. Bd2 Kg7 23. Qc1 Bc6 24.
Qe1 Ra3 25. Bc1 Rxb3 0-1

[Event "Late-Titled-Tuesday-Blitz-May-07-2024"]
[Site "Chess.com"]
[Date "2024.05.07"]
[Round "1"]
[White "m_ezat"]
[Black "sammartin99"]
[Result "1-0"]
[WhiteElo "2567"]
[BlackElo "1950"]
[TimeControl "180+1"]
[EndTime "14:05:02 PDT"]
[Termination "m_ezat won by resignation"]

1. d4 Nf6 2. c4 g6 3. Nc3 d5 4.
Bg5 Bg7 5. Bxf6 Bxf6 6. cxd5 c5 7.
dxc6 Nxc6 8. e3 O-O 9. Nf3 Qa5 10.
Bc4 e5 11. dxe5 Nxe5 12. Nxe5 Bxe5 13. Qb3 b5 14. Bd5 b4 15. Ne4 Ba6 16. f4 Rad8 17.
Rd1 Bg7 18. Kf2 Bxb2 19. Qxb2 1-0

[Event "Late-Titled-Tuesday-Blitz-May-07-2024"]
[Site "Chess.com"]
[Date "2024.05.07"]
[Round "1"]
[White "MagnusCarlsen"]
[Black "Noki102"]
[Result "1-0"]
[WhiteElo "3207"]
[BlackElo "2560"]
[TimeControl "180+1"]
[EndTime "14:05:04 PDT"]
[Termination "MagnusCarlsen won by resignation"]

1. e4 e5 2. f4 exf4 3. Bc4 Qh4+ 4. Kf1 c6 5. Nc3 Qd8 6. d4 Nf6 7. e5 d5 8. Bd3 Ne4 9. Nxe4 dxe4 10. Bxe4 g5 11. h4 Bg7 12. hxg5 Bxe5 13. Nf3 Bd6 14. Qe2 Qe7 15. Rh4 Be6 16. c4 Bxc4 17. Qxc4 Qxe4 18. Bxf4 b5 19. Qb3 Qg6 20. Re1+ Kf8 21. Bxd6+ Qxd6 22. Ne5 Qd5 23. Qxd5 cxd5 24. g6 f6 25. Nf7 1-0

[Event "Late-Titled-Tuesday-Blitz-May-07-2024"]
[Site "Chess.com"]
[Date "2024.05.07"]
[Round "1"]
[White "Zhigalko_Sergei"]
[Black "Nadtkins"]
[Result "1-0"]
[WhiteElo "2884"]
[BlackElo "2516"]
[TimeControl "180+1"]
[EndTime "14:05:05 PDT"]
[Termination "Zhigalko_Sergei won by resignation"]

1. e4 e5 2. Nf3 Nc6 3. Bc4 Nf6 4.
d3 h6 5. O-O g5 6. Nc3 Bc5 7.
Be3 d6 8. Bxc5 dxc5 9. Bb5 Qd6 10. Bxc6+ bxc6 11. Nd2 Be6 12. Qf3 Ke7 13. Nc4 Qd4 14. Ne2 Qd8 15. Nxe5 Qe8 16. Qe3 Nd7 17. Nxd7 Qxd7 18.
Qxc5+ Qd6 19. Qe3 c5 20. b3 a5 21. a4 Rab8 22. f4 gxf4 23. Qxf4 Rbg8 24. Rf2 Rg4 25. Qf6+ 1-0

[Event "Late-Titled-Tuesday-Blitz-May-07-2024"]
[Site "Chess.com"]
[Date "2024.05.07"]
[Round "1"]
[White "Dedic8"]
[Black "merinasian"]
[Result "1-0"]
[WhiteElo "2866"]
[BlackElo "2505"]
[TimeControl "180+1"]
[EndTime "14:05:10 PDT"]
[Termination "Dedic8 won by resignation"]

1. e4 d6 2. d4 Nd7 3. Nc3 g6 4. f4 Bg7 5. Nf3 c5 6. Be3 cxd4 7.
Nxd4 Ngf6 8. Bc4 O-O 9. O-O Nc5 10. Qf3 Ng4 11. Rad1 Nxe3 12. Qxe3 Bg4 13. Rd2 Rc8 14. Be2 Bxe2 15. Ncxe2 Qb6 16. c3 e5 17. Nf3 Nxe4 18.
Qxb6 axb6 19. Rd5 Rc5 20. Rfd1 Rxd5 21. Rxd5 exf4 22. Rb5 Re8 23. Nxf4 Bh6 24. Nd5 Nc5 25. Nf6+ Kf8 26. Nxe8 Kxe8 27. Rxb6 Kd7 28. Nd4 Kc7 29. Rb5 Be3+ 30. Kf1 Bxd4 31. cxd4 Ne6 32. Rb4 Kc6 33. d5+ Kxd5 34. Rxb7 Nc5 35. Rxf7 1-0

[Event "Late-Titled-Tuesday-Blitz-May-07-2024"]
[Site "Chess.com"]
[Date "2024.05.07"]
[Round "1"]
[White "secretworker2027"]
[Black "Reyson01"]
[Result "1-0"]
[WhiteElo "2653"]
[BlackElo "2315"]
[TimeControl "180+1"]
[EndTime "14:05:16 PDT"]
[Termination "secretworker2027 won by resignation"]

1. e4 c5 2. Nf3 d6 3. c3 Nf6 4. h3 Nc6 5. Bd3 g6 6. O-O Bg7 7. Bc2 O-O 8. d4 e6 9. dxc5 e5 10.
cxd6 Be6 11. Na3 Qd7 12. Ba4 Ne8 13. Ng5 Qxd6 14. Nxe6 Qxe6 15. Bb3 Qe7 16. Nc4 Rd8 17. Qe2 b5 18. Ne3 a6 19. Nd5 Qb7 20. Bg5 Rd7 21.
Rad1 Kh8 22. Be3 a5 23. Bc5 Rg8 24. a4 bxa4 25. Bxa4 Nc7 26. b4 axb4 27. cxb4 Rdd8 28. Bxc6 Qxc6 29. Ne7 Qb5 30. Qxb5 Nxb5 31. Nxg8 Rf8 32. Bxf8 1-0

[Event "Late-Titled-Tuesday-Blitz-May-07-2024"]
[Site "Chess.com"]
[Date "2024.05.07"]
[Round "1"]
[White "maracayo"]
[Black "Hasangatin_Ramil"]
[Result "0-1"]
[WhiteElo "2373"]
[BlackElo "2668"]
[TimeControl "180+1"]
[EndTime "14:05:21 PDT"]
[Termination "Hasangatin_Ramil won by resignation"]

1. e4 d5 2. d3 Nc6 3. Nf3 Nf6 4. Nbd2 e5 5. Be2 g6 6. O-O Bg7 7. c3 a5 8. h3 O-O 9. Qc2 Re8 10. Re1 h6 11. a4 Be6 12. exd5 Bxd5 13. Ne4 b6 14. Bf1 Kh7 15. Bd2 Qd7 16. Rad1 Rad8 17. Bc1 Nh5 18.
b3 f5 19. Ned2 Qf7 20. Nh2 Nf4 21. Nc4 g5 22. d4 e4 23. g3 Ng6 24. Bg2 Kh8 25. Nf1 Be6 26. Nfe3 f4 27. Bxe4 fxe3 28. Bxc6 Rf8 29. Ne5 Bxe5 0-1

[Event "Late-Titled-Tuesday-Blitz-May-07-2024"]
[Site "Chess.com"]
[Date "2024.05.07"]
[Round "1"]
[White "KHBR4"]
[Black "banjadvorovi"]
[Result "1-0"]
[WhiteElo "2732"]
[BlackElo "2405"]
[TimeControl "180+1"]
[EndTime "14:05:23 PDT"]
[Termination "KHBR4 won by resignation"]

1. e4 d6 2. d4 g6 3. Nf3 Bg7 4.
Nc3 Nc6 5. h3 e5 6. d5 Nce7 7.
Be2 f5 8. Ng5 h6 9. Ne6 Bxe6 10.
dxe6 Qc8 11. exf5 Nxf5 12. Bc4 Nge7 13. Be3 c6 14. Ne4 d5 15. g4 dxc4 16. gxf5 Nxf5 17. Nc5 O-O 18. Qg4 Kh7 19. Qxc4 Re8 20. O-O-O b6 21. Nd7 b5 22. Qb3 a5 23. Nb6 Qb7 24. Rd7 Qa6 25. Nxa8 Rxa8 26. e7 Re8 27. Qf7 Qc8 28. Rhd1 1-0

[Event "Late-Titled-Tuesday-Blitz-May-07-2024"]
[Site "Chess.com"]
[Date "2024.05.07"]
[Round "1"]
[White "FairChess_on_YouTube"]
[Black "VacheH009"]
[Result "1-0"]
[WhiteElo "3078"]
[BlackElo "2554"]
[TimeControl "180+1"]
[EndTime "14:05:24 PDT"]
[Termination "FairChess_on_YouTube won on time"]

1. d4 Nf6 2. c4 e6 3. Nf3 b6 4.
a3 Bb7 5. Nc3 d5 6. cxd5 Nxd5 7.
e3 Be7 8. Bd3 O-O 9. Qc2 h6 10.
O-O c5 11. dxc5 Bxc5 12. Rd1 Qc8 13. e4 Nxc3 14. Qxc3 Be7 15. Qe5 Nd7 16. Qg3 Kh8 17. Qh3 Rd8 18. Bxh6 gxh6 19. Qxh6+ Kg8 20. Rac1 Qb8 21. e5 Nf8 22. Ng5 Bxg5 23. Qxg5+ Kh8 24.
Qf6+ Kg8 25. Qg5+ Kh8 26. Rc4 Nh7 27. Rh4 Rxd3 28. Rxh7+ Kxh7 29. Rxd3 Bf3 30. Rxf3 1-0

[Event "Late-Titled-Tuesday-Blitz-May-07-2024"]
[Site "Chess.com"]
[Date "2024.05.07"]
[Round "1"]
[White "xakevicius91"]
[Black "BilodeauA"]
[Result "0-1"]
[WhiteElo "2524"]
[BlackElo "2907"]
[TimeControl "180+1"]
[EndTime "14:05:27 PDT"]
[Termination "BilodeauA won by resignation"]

1. e4 c5 2. Nf3 Nc6 3. Bc4 e6 4. O-O a6 5. d4 b5 6. d5 bxc4 7. dxc6 d6 8. Qe2 Qc7 9. Nbd2 Qxc6 10. Nxc4 Be7 11. Bf4 e5 12. Bg3 Be6 13. Nfd2 Nf6 14. f3 O-O 15. Ne3 a5 16. Bh4 a4 17. Bxf6 Bxf6 18.
b3 Bg5 19. c4 Ra7 20. Nd5 Rfa8 21. Rad1 axb3 22. axb3 h6 23. g3 Ra2 24. f4 exf4 25.
gxf4 Bd8 26. Qe3 Bxd5 27. exd5 Qd7 28. Ne4 f5 29. Ng3 Bf6 30. Kh1 Re8 31. Qf3 g6 32.
Rfe1 Bd4 33. h4 Qd8 34. Rxe8+ Qxe8 35. h5 Qe7 36. Ne2 Rxe2 0-1

[Event "Late-Titled-Tuesday-Blitz-May-07-2024"]
[Site "Chess.com"]
[Date "2024.05.07"]
[Round "1"]
[White "Oleksandr_Bortnyk"]
[Black "WindWhistler11"]
[Result "1-0"]
[WhiteElo "3060"]
[BlackElo "2553"]
[TimeControl "180+1"]
[EndTime "14:05:28 PDT"]
[Termination "Oleksandr_Bortnyk won on time"]

1. e4 e6 2. Nf3 d5 3. e5 c5 4. d4 Nc6 5. Bd3 cxd4 6. O-O Nge7 7. Bf4 Ng6 8. Bg3 Be7 9. Nbd2 f5 10. Re1 O-O 11.
h3 Qb6 12. Nb3 a5 13. a4 Bd7 14. Bb5 Rac8 15. Nfxd4 Nxd4 16. Qxd4 Qxd4 17. Nxd4 Bxb5 18.
axb5 Kf7 19. c3 Ra8 20. Ra4 b6 21. Nc6 Rfc8 22. Rea1 Bd8 23. b4 Ne7 24. Nxd8+ Rxd8 25. bxa5 bxa5 26. Rxa5 Rxa5 27. Rxa5 Rc8 28. Ra7 g5 29. f4 Rxc3 30. Bf2 g4 31. Bh4 g3 32. Rxe7+ Kf8 33. Kf1 1-0

[Event "Late-Titled-Tuesday-Blitz-May-07-2024"]
[Site "Chess.com"]
[Date "2024.05.07"]
[Round "1"]
[White "NovakCabarkapa"]
[Black "Matalon"]
[Result "1-0"]
[WhiteElo "2741"]
[BlackElo "2428"]
[TimeControl "180+1"]
[EndTime "14:05:29 PDT"]
[Termination "NovakCabarkapa won on time"]

1. b3 e5 2. Bb2 Nc6 3. Nf3 e4 4. Nd4 Nf6 5. e3 d5 6. Nxc6 bxc6 7. d3 Bf5 8. Nd2 Qd7 9. Be2 Be7 10. O-O O-O 11. dxe4 Nxe4 12. Nxe4 Bxe4 13. c4 a5 14. Bf3 Bxf3 15. Qxf3 a4 16. Rad1 Rfd8 17. e4 axb3 18. axb3 Ra2 19. Ba1 Qe6 20. exd5 cxd5 21. cxd5 Qg6 22.
g3 h5 23. Rfe1 Bc5 24. Bd4 Bb4 25. Re5 Qg4 26. Qxg4 hxg4 27. Rg5 g6 28. Bf6 Re8 29.
Rxg4 Ra6 30. d6 Rxd6 31. Rxd6 cxd6 32. Rh4 1-0

[Event "Late-Titled-Tuesday-Blitz-May-07-2024"]
[Site "Chess.com"]
[Date "2024.05.07"]
[Round "1"]
[White "Itay121"]
[Black "Magicmaster17"]
[Result "1-0"]
[WhiteElo "2545"]
[BlackElo "2909"]
[TimeControl "180+1"]
[EndTime "14:05:30 PDT"]
[Termination "Itay121 won by checkmate"]

1. e4 e6 2. d4 d5 3. Nd2 Be7 4. Ngf3 Nf6 5. Bd3 c5 6. e5 Nfd7 7. c3 Nc6 8. O-O h5 9. Re1 g5 10. dxc5 g4 11. Nd4 Ndxe5 12. N2b3 Nxd3 13. Qxd3 Qc7 14. Nb5 Qb8 15. c4 dxc4 16. Qc3 Rg8 17. Nd2 a6 18. Nd6+ Bxd6 19. cxd6 Qxd6 20. Ne4 Qd4 21.
Nf6+ Kd8 22. Qxd4+ Nxd4 23. Nxg8 b5 24. Rd1 e5 25. Be3 Kc7 26. Bxd4 exd4 27. Rxd4 Bf5 28. Nf6 Kc6 29. Rad1 Be6 30. Rd6+ Kc5 31. a3 b4 32. Nd7+ Kb5 33. Rb6+ Ka5 34. axb4+ Ka4 35. Nc5# 1-0

[Event "Late-Titled-Tuesday-Blitz-May-07-2024"]
[Site "Chess.com"]
[Date "2024.05.07"]
[Round "1"]
[White "ab-lsv"]
[Black "bipe137"]
[Result "0-1"]
[WhiteElo "2382"]
[BlackElo "2683"]
[TimeControl "180+1"]
[EndTime "14:05:30 PDT"]
[Termination "bipe137 won by resignation"]

1. d4 d5 2. c4 e6 3. Nc3 a6 4.
cxd5 exd5 5. Bf4 c6 6. e3 Bd6 7. Bxd6 Qxd6 8. Bd3 Ne7 9. Qc2 Nd7 10. Nge2 Nf6 11. O-O O-O 12. Rad1 Re8 13. Ng3 g6 14. f3 h5 15. Kh1 h4 16. Nge2 Nh5 17. e4 Qf6 18. e5 Qh8 19. Kg1 Bf5 20. f4 Ng7 21. Bxf5 Nexf5 22. Qd3 Ne6 23. Na4 Qh5 24. Rf3 Kg7 25.
b4 b5 26. Nc5 Nxc5 27. bxc5 a5 28. Kf2 Nh6 29. h3 Qf5 30. Qd2 a4 31. a3 Reb8 32.
Qb4 Qc2 33. Rb1 Nf5 34. Qc3 Qxb1 0-1

[Event "Late-Titled-Tuesday-Blitz-May-07-2024"]
[Site "Chess.com"]
[Date "2024.05.07"]
[Round "1"]
[White "MikeSailer"]
[Black "yaguigor"]
[Result "0-1"]
[WhiteElo "2122"]
[BlackElo "2582"]
[TimeControl "180+1"]
[EndTime "14:05:32 PDT"]
[Termination "yaguigor won on time"]

1. d4 d5 2. Nf3 Nf6 3. Bf4 c5 4. e3 Nc6 5. Bb5 Qa5+ 6. Nc3 Ne4 7. O-O Nxc3 8. Bxc6+ bxc6 9. bxc3 f6 10. c4 Ba6 11.
Nd2 g6 12. Nb3 Qc3 13. cxd5 Bxf1 14. Qxf1 cxd4 15. Nxd4 Bg7 16. Ne6 Kf7 17. Nxg7 Kxg7 18. dxc6 e5 19. Bg3 Qxc6 20. h4 h5 21. Qd3 Rhd8 22.
Qa3 Rd7 23. Rb1 Qxc2 24. Kh2 Qxb1 0-1

[Event "Late-Titled-Tuesday-Blitz-May-07-2024"]
[Site "Chess.com"]
[Date "2024.05.07"]
[Round "1"]
[White "realburq"]
[Black "kemelgallo"]
[Result "0-1"]
[WhiteElo "2347"]
[BlackElo "2657"]
[TimeControl "180+1"]
[EndTime "14:05:33 PDT"]
[Termination "kemelgallo won by resignation"]

1. e4 c5 2. c3 d5 3. exd5 Nf6 4. Bb5+ Nbd7 5. d4 cxd4 6. Nf3 a6 7. Bxd7+ Qxd7 8. c4 b5 9. Qxd4 bxc4 10. Nc3 g6 11.
Ne5 Qc7 12. Bf4 Qa7 13. Qxc4 Bg7 14. Qc6+ Nd7 15. O-O O-O 16. Rfe1 Nf6 17. Rad1 Rd8 18. d6 Bb7 19. dxe7 Rxd1 20. Rxd1 Bxc6 21. Nxc6 Qb7 22. Rd8+ Ne8 23. Na5 Qxe7 0-1

[Event "Late-Titled-Tuesday-Blitz-May-07-2024"]
[Site "Chess.com"]
[Date "2024.05.07"]
[Round "1"]
[White "GianmarcoVaR"]
[Black "Nick12772"]
[Result "1-0"]
[WhiteElo "2760"]
[BlackElo "2440"]
[TimeControl "180+1"]
[EndTime "14:05:34 PDT"]
[Termination "GianmarcoVaR won by checkmate"]

1. e4 e6 2. d4 d5 3. Nc3 Bb4 4. e5 c5 5. a3 Bxc3+ 6. bxc3 Ne7 7. h4 b6 8. h5 h6 9. Qg4 Kf8 10. a4 Ba6 11. Bxa6 Nxa6 12. Qe2 Nb8 13. a5 Nbc6 14. Nf3 Nxa5 15. Rxa5 bxa5 16. Ba3 cxd4 17. cxd4 Kg8 18. g4 Rc8 19. Kf1 Nc6 20. c3 Ne7 21. Qd3 Qc7 22. Bc5 Rb8 23. Bd6 Qb7 24. Bxb8 Qxb8 25.
Kg2 g5 26. Rb1 Qc7 27. Qa6 Kg7 28. Rb7 Qc8 29. Qxa7 Re8 30. Rxe7 Rxe7 31. Qxe7 Qxc3 32. Qf6+ Kg8 33. Qxh6 a4 34. Nxg5 Qd3 35. Qf6 a3 36. Qxf7+ Kh8 37. h6 a2 38. Qg7# 1-0

[Event "Late-Titled-Tuesday-Blitz-May-07-2024"]
[Site "Chess.com"]
[Date "2024.05.07"]
[Round "1"]
[White "rhwr"]
[Black "xhembulla"]
[Result "0-1"]
[WhiteElo "2279"]
[BlackElo "2630"]
[TimeControl "180+1"]
[EndTime "14:05:35 PDT"]
[Termination "xhembulla won by resignation"]

1. e4 e5 2. Nf3 Nc6 3. Bb5 a6 4. Ba4 Nf6 5. d3 d6 6. O-O g6 7. c3 Bg7 8. h3 O-O 9. Re1 Nd7 10.
Nbd2 Ne7 11. Bb3 Kh8 12. d4 exd4 13. cxd4 c5 14. Ng5 Qe8 15. e5 dxe5 16. dxe5 Nxe5 17. f4 Nd3 18. Rf1 h6 19. Ngf3 Nf5 20. Nc4 Nxc1 21. Rxc1 Be6 22. Re1 Qb8 23. Nce5 Bxb3 24. Qxb3 Qc7 25. g4 Nd6 26. Qd5 Rac8 27. Red1 Rfd8 28. b4 c4 29. Qc5 Kg8 30. Qxc7 Rxc7 31. Nxc4 Rdc8 32. Nxd6 Rxc1 33. Rxc1 Rxc1+ 34. Kf2 Bf8 35. Nxb7 Bxb4 36. Nd4 Rc7 0-1

[Event "Late-Titled-Tuesday-Blitz-May-07-2024"]
[Site "Chess.com"]
[Date "2024.05.07"]
[Round "1"]
[White "2346PL"]
[Black "Hrant_ChessMood"]
[Result "0-1"]
[WhiteElo "2536"]
[BlackElo "2969"]
[TimeControl "180+1"]
[EndTime "14:05:36 PDT"]
[Termination "Hrant_ChessMood won by resignation"]

1. d4 Nf6 2. Bg5 g6 3. Bxf6 exf6 4. c4 f5 5. Nc3 Bg7 6. e3 O-O 7.
g3 c5 8. Nge2 d6 9. Bg2 Nc6 10.
O-O cxd4 11. exd4 Qb6 12. Nd5 Qxb2 13. Rb1 Qa3 14. Nc7 f4 15. Rb3 Qxa2 16. Nxa8 Bg4 17. f3 Bf5 18. Rxb7 Rxa8 19. d5 Na5 20. Nxf4 Nxb7 0-1

[Event "Late-Titled-Tuesday-Blitz-May-07-2024"]
[Site "Chess.com"]
[Date "2024.05.07"]
[Round "1"]
[White "ToddBryant"]
[Black "SRob2003"]
[Result "1/2-1/2"]
[WhiteElo "2388"]
[BlackElo "2664"]
[TimeControl "180+1"]
[EndTime "14:05:37 PDT"]
[Termination "Game drawn by agreement"]

1. e4 c5 2. Nf3 d6 3. d4 cxd4 4.
Nxd4 Nf6 5. Nc3 a6 6. Bg5 e5 7.
Nf5 Bxf5 8. Bxf6 Qxf6 9. Nd5 Qd8 10. exf5 Nd7 11. g3 Be7 12. Bg2 Bg5 13. O-O O-O 14. a4 Rc8 15. a5 Re8 16. h4 Bh6 17. Ra3 e4 18. Re1 Nf6 19. Nxf6+ Qxf6 20. Bxe4 Qxb2 21. Rb3 Qe5 22. Rb1 Qxa5 23. Bxb7 Rxe1+ 24. Qxe1 Qxe1+ 25. Rxe1 Rb8 26. Bxa6 Kf8 27. c4 Bd2 28. Re2 Bb4 29. Bb5 Bc5 30. Kg2 f6 31. Bc6 Rc8 32. Bd5 Re8 33.
Rxe8+ Kxe8 34. f4 h6 35. Kf3 Kf8 36. h5 Ke7 37. g4 Kd7 38. g5 Kc7 39. Ke4 Kd7 40. g6 1/2-1/2

[Event "Late-Titled-Tuesday-Blitz-May-07-2024"]
[Site "Chess.com"]
[Date "2024.05.07"]
[Round "1"]
[White "Hirna2005"]
[Black "jk13"]
[Result "1-0"]
[WhiteElo "2334"]
[BlackElo "2629"]
[TimeControl "180+1"]
[EndTime "14:05:37 PDT"]
[Termination "Hirna2005 won by resignation"]

1. e4 e5 2. Nf3 Nc6 3. Bc4 Bc5 4. c3 Nf6 5. d3 O-O 6. a4 d5 7.
exd5 Nxd5 8. b4 Be7 9. O-O a6 10. Re1 Bf6 11. Qb3 Nb6 12. Nbd2 Nxc4 13. Nxc4 Qxd3 14. Ncxe5 Nxe5 15. Nxe5 Bxe5 16. Rxe5 Be6 17. Rxe6 fxe6 18. Qxe6+ Kh8 19. Be3 Qxc3 20. Rb1 Rae8 21. Qd7 Rd8 22. Qe7 Rfe8 23. Qf7 Qxb4 24. Qxe8+ Rxe8 25. Rxb4 b6 26. Kf1 a5 27. Rd4 h6 28. Rd7 c5 29.
Rd6 Rb8 30. Bf4 Rb7 31. Rc6 b5 32. Rxc5 b4 33. Be5 b3 34. Rc1 Rb4 35. Rb1 Kg8 36. Bc3 Rxa4 37. Rxb3 Ra2 38. Rb7 a4 39. Rxg7+ Kf8 40. Ra7 a3 41. Rxa3 1-0

[Event "Late-Titled-Tuesday-Blitz-May-07-2024"]
[Site "Chess.com"]
[Date "2024.05.07"]
[Round "1"]
[White "DeTimmerman"]
[Black "gabduschew"]
[Result "1-0"]
[WhiteElo "2756"]
[BlackElo "2435"]
[TimeControl "180+1"]
[EndTime "14:05:41 PDT"]
[Termination "DeTimmerman won by resignation"]

1. b4 d5 2. Bb2 Nf6 3. b5 c6 4. a4 g6 5. e3 Bg7 6. c4 O-O 7. Nf3 Bf5 8. Be2 Nbd7 9. O-O Re8 10. d4 Ne4 11. Nc3 Ndf6 12. Qb3 Nxc3 13. Bxc3 Ne4 14.
Bb2 Bg4 15. Rfd1 Rb8 16. h3 Bf5 17. Rac1 Qd7 18. Ne5 Bxe5 19. dxe5 dxc4 20. Bxc4 Qc7 21. Bxf7+ Kf8 22. Bxe8 Rxe8 23. e6 c5 24. g4 c4 25.
Qxc4 Qxc4 26. Rxc4 Nd6 27. Rf4 Rc8 28. gxf5 gxf5 29.
Rxd6 exd6 30. Rxf5+ Ke7 31. Rf7+ Kxe6 32. Rxb7 Rc2 33. Bd4 Rc1+ 34. Kg2 h5 35. Rxa7 1-0

[Event "Late-Titled-Tuesday-Blitz-May-07-2024"]
[Site "Chess.com"]
[Date "2024.05.07"]
[Round "1"]
[White "MeisterJabo"]
[Black "Abund"]
[Result "0-1"]
[WhiteElo "2431"]
[BlackElo "2749"]
[TimeControl "180+1"]
[EndTime "14:05:41 PDT"]
[Termination "Abund won by resignation"]

1. e4 c6 2. d4 d5 3. exd5 cxd5 4.
Bd3 Nc6 5. c3 Nf6 6. Bf4 Bg4 7.
Nf3 e6 8. Nbd2 Bd6 9. Bxd6 Qxd6 10. O-O O-O 11. Re1 a6 12. Qb1 Bxf3 13. Nxf3 Qc7 14. Ne5 g6 15. f4 Kg7 16. Re3 Nxe5 17. fxe5 Ng4 18. Rg3 f5 19. exf6+ Nxf6 20. Qe1 Rae8 21. Re3 e5 22. dxe5 Ng4 23. Rg3 Qc5+ 0-1

[Event "Late-Titled-Tuesday-Blitz-May-07-2024"]
[Site "Chess.com"]
[Date "2024.05.07"]
[Round "1"]
[White "Oleg_Papayan"]
[Black "Nechitaylo_Nikita"]
[Result "1-0"]
[WhiteElo "2658"]
[BlackElo "2349"]
[TimeControl "180+1"]
[EndTime "14:05:42 PDT"]
[Termination "Oleg_Papayan won by resignation"]

1. c4 c5 2. b3 Nc6 3. Bb2 e5 4.
g3 d6 5. Bg2 g6 6. e3 Bg7 7. Ne2 Nge7 8. O-O O-O 9. Nbc3 Rb8 10. d3 Be6 11. f4 d5 12. cxd5 Nxd5 13. Nxd5 Bxd5 14. e4 Be6 15. f5 gxf5 16. exf5 Bd5 17. Be4 Bh6 18. Nc3 Bxe4 19. Nxe4 f6 20. Kh1 Qd5 21. Qf3 Rbd8 22. Rad1 Nb4 23. Ba3 Nxd3 24. Bxc5 Rf7 25. Be7 Nf2+ 26. Kg2 Qxe4 27. Rxd8+ Kg7 28. Rxf2 Qxf3+ 29. Kxf3 Rxe7 30. Ke4 Rc7 31. Rf3 Kf7 32.
Rfd3 Bf8 33. R3d7+ 1-0

[Event "Late-Titled-Tuesday-Blitz-May-07-2024"]
[Site "Chess.com"]
[Date "2024.05.07"]
[Round "1"]
[White "super_emi_26"]
[Black "Redzishchess"]
[Result "1-0"]
[WhiteElo "2858"]
[BlackElo "2504"]
[TimeControl "180+1"]
[EndTime "14:05:45 PDT"]
[Termination "super_emi_26 won by resignation"]

1. b3 a5 2. Bb2 a4 3. b4 Nf6 4. Nf3 g6 5. d4 Bg7 6. e3 O-O 7. a3 d6 8. Nbd2 Nbd7 9. Be2 e5 10.
dxe5 Ng4 11. h3 Ngxe5 12. Qc1 b6 13. O-O Bb7 14. c4 Qe7 15. Rd1 h6 16. Bc3 f5 17.
Qb2 f4 18. exf4 Rxf4 19. Re1 Raf8 20. Rad1 Qf6 21. Rc1 Qf5 22. c5 Nxf3+ 23. Nxf3 Bxc3 24. Rxc3 dxc5 25. bxc5 Nxc5 26. Bc4+ Bd5 27. Re5 Bxc4 28. Rxf5 R8xf5 29. Qd2 Bd5 30. Re3 Ne4 31. Qe1 c6 32. Nd4 Rg5 33. f3 Nd6 34. Ne6 Bxe6 35. Rxe6 Rd5 36. Kh2 Kf7 37. Re7+ Kf8 38. Qe6 Rd2 39.
Rh7 Nf7 40. Qxg6 Rxf3 41. Rxf7+ Rxf7 42. Qxh6+ 1-0

[Event "Late-Titled-Tuesday-Blitz-May-07-2024"]
[Site "Chess.com"]
[Date "2024.05.07"]
[Round "1"]
[White "Meri-Arabidze"]
[Black "EliteChess0967"]
[Result "1-0"]
[WhiteElo "2715"]
[BlackElo "2407"]
[TimeControl "180+1"]
[EndTime "14:05:45 PDT"]
[Termination "Meri-Arabidze won by resignation"]

1. Nf3 d5 2. c4 c6 3. g3 Nf6 4. Bg2 e6 5. O-O Be7 6. b3 O-O 7. Bb2 Nbd7 8. e3 b6 9. Qe2 Bb7 10. Nc3 Rc8 11. d3 c5 12. Rad1 Ba6 13. Ne1 Nb8 14.
f4 Nc6 15. Nf3 Bd6 16. e4 d4 17. Nb1 e5 18. Nh4 Re8 19. Bc1 b5 20. Nd2 Rb8 21.
Nf5 Bf8 22. Nf3 bxc4 23. bxc4 exf4 24. Bxf4 Rb4 25. Bg5 h6 26. Bh4 g6 27. Bxf6 Qxf6 28. N5h4 Qe7 29. Qd2 Reb8 30. Qf4 Bg7 31. Qc1 Rb2 32. Rd2 Qb7 33. e5 Rxd2 34. Qxd2 Qb2 35. Qf4 Rf8 36. e6 g5 37. Nxg5 hxg5 38. exf7+ Kh7 39.
Be4+ Kh8 40. Ng6+ 1-0

[Event "Late-Titled-Tuesday-Blitz-May-07-2024"]
[Site "Chess.com"]
[Date "2024.05.07"]
[Round "1"]
[White "elchacal664"]
[Black "nindjaxx8"]
[Result "1-0"]
[WhiteElo "2358"]
[BlackElo "2640"]
[TimeControl "180+1"]
[EndTime "14:05:50 PDT"]
[Termination "elchacal664 won by resignation"]

1. e4 e6 2. d4 d5 3. Nc3 Bb4 4. Ne2 dxe4 5. a3 Be7 6. Nxe4 Nf6 7. Nxf6+ Bxf6 8. c3 O-O 9. Ng3 b6 10. Be2 Bb7 11.
Bf3 Qc8 12. O-O Nd7 13. Ne4 h6 14. Bf4 Rd8 15. Qc1 c5 16. Nd6 Qc7 17. Nxb7 e5 18.
Nxd8 Rxd8 19. dxe5 Bxe5 20. Bg3 c4 21. Rd1 Re8 22.
Qd2 Nc5 23. Bxe5 Qxe5 24. Re1 Qb8 25. Rxe8+ Qxe8 26. Re1 Qb5 27. Qd8+ Kh7 28. Qd2 f5 29. Qd5 Kg6 30. Re6+ Kf7 31. Rxb6+ Ke7 32. Rxb5 1-0

[Event "Late-Titled-Tuesday-Blitz-May-07-2024"]
[Site "Chess.com"]
[Date "2024.05.07"]
[Round "1"]
[White "HalfIsCrayfish"]
[Black "cycygogne"]
[Result "1-0"]
[WhiteElo "2589"]
[BlackElo "2159"]
[TimeControl "180+1"]
[EndTime "14:05:50 PDT"]
[Termination "HalfIsCrayfish won by resignation"]

1. c4 f5 2. g3 Nf6 3. Bg2 g6 4. Nh3 Bg7 5. O-O O-O 6. b4 e5 7. Bb2 d6 8. f4 e4 9. Nc3 c6 10. Qb3 Be6 11. d3 d5 12. Ng5 Bf7 13. Nxf7 Rxf7 14.
cxd5 cxd5 15. Rac1 Nc6 16. dxe4 dxe4 17. Rfd1 Qe7 18.
a3 Kh8 19. e3 Rff8 20. Bf1 Rfd8 21. Bc4 Rxd1+ 22. Rxd1 Rd8 23. h3 Rxd1+ 24. Qxd1 Qd7 25. Qe2 Nh5 26. Kg2 a5 27. b5 Ne7 28. a4 b6 29.
g4 fxg4 30. Qxg4 Nf6 31. Qxd7 Nxd7 32. Ba3 Bxc3 33. Bxe7 Bb4 34. Bd8 Bc5 35. Be6 Kg7 36. Bxd7 Bxe3 37. Bc7 Kf6 38. Be5+ Ke7 39. Bc6 Ke6 40.
Bxe4 Bc5 41. Kf3 1-0

[Event "Late-Titled-Tuesday-Blitz-May-07-2024"]
[Site "Chess.com"]
[Date "2024.05.07"]
[Round "1"]
[White "chessisveryfun1264"]
[Black "Firouzja2003"]
[Result "0-1"]
[WhiteElo "2560"]
[BlackElo "3188"]
[TimeControl "180+1"]
[EndTime "14:05:52 PDT"]
[Termination "Firouzja2003 won by resignation"]

1. e4 c5 2. Nf3 d6 3. d4 cxd4 4. Qxd4 Nf6 5. Bb5+ Nc6 6. c4 e5 7. Qd3 Be7 8. Nc3 O-O 9. Bg5 a6 10. Bxc6 bxc6 11. O-O Be6 12. b3 h6 13. Be3 Qa5 14.
h3 Rfd8 15. Qd2 Kf8 16. Qc2 Rac8 17. c5 d5 18. Na4 d4 19. Bd2 Qb5 20. Nxe5 d3 21.
Qc1 Nxe4 22. Bxh6 d2 23. Qc2 Qe2 24. Nc3 d1=Q 25. Qxe2 Qxe2 26. Bxg7+ Kxg7 27. Nxe2 Bxc5 28. Nf4 Rd2 29. Nxe6+ fxe6 30. Ng4 Rf8 31. Rac1 Bd4 32. Rxc6 Nxf2 33. Nxf2 Bxf2+ 34. Kh1 Bg3 35. Rf3 Rd1+ 0-1